RL
ROCKY MOUNTAIN OYSTERS @ AUSTIN RUSTLERS
04/12/2060
 
TOP OF THE 1ST
Omaha Blackbirds batting - Pitching for Belle River Bombers : LHP Sean Morse
Pitching: LHP Sean Morse
Batting: RHB Mason Lorusso 0-0: Ball
1-0: Ball
2-0: Foul Ball, location: 2F
2-1: Foul Ball, location: 2F
2-2: Reached on error, E7 (Line Drive, 7, EV 91.2 MPH)
Batting: RHB Henry Keddie 0-0: Ball
1-0: Ground out 5-3 (Groundball, 56S, EV 76.9 MPH)
Batting: RHB Allen Cullin 0-0: Ball
1-0: Ball
2-0: Ball
3-0: Ground out 5-3 (Groundball, 5, EV 100.0 MPH)
Batting: RHB Dario Dokter 0-0: Hit by Pitch
Batting: LHB Abdoul Ren 0-0: Ball
1-0: Ball
2-0: Ball
3-0: Base on Balls
Mason Lorusso to third
Dario Dokter to second
Batting: SHB Ulisses Muacho 0-0: Ground out 5-3 (Groundball, 56S, EV 85.6 MPH)
Top of the 1st over - 0 runs, 0 hits, 1 error, 3 left on base; Omaha 0 - Belle River 0
BOTTOM OF THE 1ST
Belle River Bombers batting - Pitching for Omaha Blackbirds : LHP Jon Murphy
Pitching: LHP Jon Murphy
Batting: LHB Johnny Shaw 0-0: Hit by Pitch
Batting: RHB Peyton Epps 0-0: Called Strike
0-1: Ball
1-1: Called Strike
Johnny Shaw steals 2nd base
1-2: Ball
2-2: Foul Ball, location: 2F
2-2: Ball
3-2: Strikes out looking
Batting: RHB Kyle Hobbs 0-0: Ball
1-0: Ground out 4-3 (Groundball, 4, EV 85.0 MPH)
Johnny Shaw to third
Batting: RHB Ny Medrano 0-0: Called Strike
0-1: Called Strike
0-2: Ball
1-2: Ground out 2-3 (Groundball, 2L, EV 63.8 MPH)
Bottom of the 1st over - 0 runs, 0 hits, 0 errors, 1 left on base; Omaha 0 - Belle River 0
TOP OF THE 2ND
Omaha Blackbirds batting - Pitching for Belle River Bombers : LHP Sean Morse
Batting: RHB Marcus Hubbard 0-0: DOUBLE (Line Drive, 5D, EV 99.4 MPH)
Batting: LHB Jaleen Edgell 0-0: Foul Ball, location: 2F
0-1: Ball
1-1: Ball
2-1: Ball
3-1: Called Strike
3-2: Ground out 4-3 (Groundball, 4, EV 86.9 MPH)
Marcus Hubbard to third
Batting: RHB Evan Kresse 0-0: Foul Ball, location: 2F
0-1: Foul Ball, location: 2F
0-2: Foul Ball, location: 2F
0-2: SINGLE (Line Drive, 8LS, EV 93.1 MPH)
Marcus Hubbard scores
Batting: RHB Mason Lorusso 0-0: Foul Ball, location: 2F
0-1: Ball
1-1: SINGLE (Line Drive, 89M, EV 98.1 MPH)
Evan Kresse to second
Batting: RHB Henry Keddie 0-0: Ball
1-0: 3-RUN HOME RUN (Flyball, 9LD, EV 90.6 MPH), Distance : 332 ft
Batting: RHB Allen Cullin 0-0: Called Strike
0-1: Swinging Strike
0-2: Ball
1-2: Ball
2-2: Ball
3-2: Foul Ball, location: 2F
3-2: Base on Balls
Batting: RHB Dario Dokter 0-0: Ball
1-0: Called Strike
1-1: Ball
2-1: Ball
3-1: Foul Ball, location: 2F
3-2: Base on Balls
Allen Cullin to second
Batting: LHB Abdoul Ren 0-0: Called Strike
0-1: Ball
1-1: Ball
2-1: Swinging Strike
2-2: Strikes out looking
Batting: SHB Ulisses Muacho 0-0: Called Strike
0-1: Ball
1-1: Ball
2-1: Foul Ball, location: 2F
2-2: Strikes out looking
Top of the 2nd over - 4 runs, 4 hits, 0 errors, 2 left on base; Omaha 4 - Belle River 0
BOTTOM OF THE 2ND
Belle River Bombers batting - Pitching for Omaha Blackbirds : LHP Jon Murphy
Batting: RHB Ezekiel Bombard 0-0: Called Strike
0-1: Fly out, F8 (Flyball, 8LXD, EV 100.0 MPH)
Batting: RHB Corbin Schutte 0-0: Ground out 4-3 (Groundball, 4, EV 103.8 MPH)
Batting: RHB Gavin Sawicki 0-0: Called Strike
0-1: Called Strike
0-2: Ball
1-2: Foul Ball, location: 2F
1-2: Foul Ball, location: 2F
1-2: Ball
2-2: Strikes out looking
Bottom of the 2nd over - 0 runs, 0 hits, 0 errors, 0 left on base; Omaha 4 - Belle River 0
TOP OF THE 3RD
Omaha Blackbirds batting - Pitching for Belle River Bombers : LHP Sean Morse
Batting: RHB Marcus Hubbard 0-0: Ball
1-0: Ball
2-0: Ball
3-0: Base on Balls
Batting: LHB Jaleen Edgell 0-0: Called Strike
0-1: Ball
1-1: Ball
2-1: Foul Ball, location: 2F
2-2: Ball
3-2: Foul Ball, location: 2F
3-2: Strikes out swinging
Batting: RHB Evan Kresse 0-0: Ball
1-0: Ball
2-0: Ball
3-0: Called Strike
3-1: Foul Ball, location: 2F
3-2: Foul Ball, location: 2F
3-2: SINGLE (Line Drive, 34D, EV 94.4 MPH)
Marcus Hubbard to second
Batting: RHB Mason Lorusso 0-0: Called Strike
0-1: Ball
1-1: Foul Ball, location: 2F
1-2: Fly out, F4 (Popup, 3S, EV 86.2 MPH)
Batting: RHB Henry Keddie 0-0: Ball
Wild Pitch!
Marcus Hubbard to third
Evan Kresse to second
1-0: Called Strike
1-1: Ball
2-1: Swinging Strike
2-2: Foul Ball, location: 2F
2-2: Strikes out looking
Top of the 3rd over - 0 runs, 1 hit, 0 errors, 2 left on base; Omaha 4 - Belle River 0
BOTTOM OF THE 3RD
Belle River Bombers batting - Pitching for Omaha Blackbirds : LHP Jon Murphy
Batting: RHB J.C. Rico 0-0: Ball
1-0: Ball
2-0: Ball
3-0: Base on Balls
Batting: RHB Dezmon Benhamou 0-0: Called Strike
0-1: Ball
1-1: Ball
2-1: Called Strike
2-2: Ball
3-2: Foul Ball, location: 2F
3-2: Base on Balls
J.C. Rico to second
Batting: LHB Johnny Shaw 0-0: Foul Ball, location: 2F
0-1: Ball
1-1: Ball
2-1: Swinging Strike
2-2: Strikes out swinging
Batting: RHB Peyton Epps 0-0: Ball
1-0: Ball
2-0: Called Strike
2-1: Called Strike
2-2: Ball
3-2: SINGLE (Groundball, P, EV 89.4 MPH) (infield hit)
J.C. Rico to third
Dezmon Benhamou to second
Pinch Runner at 1st John Marshall:
Batting: RHB Kyle Hobbs 0-0: Fly out, F2 (Popup, 2LF, EV 91.9 MPH)
Batting: RHB Ny Medrano 0-0: Fielders Choice at 2nd, 5-4 (Groundball, 56, EV 102.5 MPH)
Bottom of the 3rd over - 0 runs, 1 hit, 0 errors, 3 left on base; Omaha 4 - Belle River 0
TOP OF THE 4TH
Omaha Blackbirds batting - Pitching for Belle River Bombers : LHP Sean Morse
Pitching: LHP De'Von Salazar
Now in LF: John Marshall
Now in RF: Ny Medrano
Batting: RHB Allen Cullin 0-0: Called Strike
0-1: Ball
1-1: Called Strike
1-2: SINGLE (Groundball, 56D, EV 96.2 MPH)
Batting: RHB Dario Dokter 0-0: Ball
1-0: Foul Ball, location: 2F
1-1: Ball
2-1: Ball
3-1: Base on Balls
Allen Cullin to second
Batting: LHB Abdoul Ren 0-0: SINGLE (Groundball, 4MD, EV 103.1 MPH)
Allen Cullin to third
Dario Dokter to second
Batting: SHB Ulisses Muacho 0-0: Called Strike
0-1: Fly out, F8 (Flyball, 89XD, EV 81.9 MPH)
Runner from 3rd tags up, SCORES, no throw by CF
Dario Dokter to third
Batting: RHB Marcus Hubbard 0-0: Called Strike
0-1: Called Strike
0-2: Grounds into double play, 6-4-3 (Groundball, 6, EV 106.2 MPH)
Top of the 4th over - 1 run, 2 hits, 0 errors, 1 left on base; Omaha 5 - Belle River 0
BOTTOM OF THE 4TH
Belle River Bombers batting - Pitching for Omaha Blackbirds : LHP Jon Murphy
Batting: RHB Ezekiel Bombard 0-0: Ball
1-0: Ball
2-0: Ball
3-0: Base on Balls
Batting: RHB Corbin Schutte 0-0: Called Strike
0-1: Ball
1-1: Called Strike
1-2: Ball
2-2: SINGLE (Groundball, 56S, EV 72.5 MPH) (infield hit)
Ezekiel Bombard to second
Batting: RHB Gavin Sawicki 0-0: Swinging Strike
0-1: Foul Ball, location: 2F
0-2: Ball
1-2: Ball
2-2: Strikes out swinging
Batting: RHB J.C. Rico 0-0: Ball
1-0: Ball
2-0: Called Strike
2-1: Ball
3-1: Base on Balls
Ezekiel Bombard to third
Corbin Schutte to second
Batting: RHB Dezmon Benhamou 0-0: Swinging Strike
0-1: Ball
1-1: Fly out, F9 (Flyball, 9, EV 89.4 MPH)
Batting: LHB Johnny Shaw 0-0: Called Strike
0-1: Ball
1-1: Ball
2-1: Foul Ball, location: 2F
2-2: Fly out, F7 (Line Drive, 78D, EV 90.6 MPH)
Bottom of the 4th over - 0 runs, 1 hit, 0 errors, 3 left on base; Omaha 5 - Belle River 0
TOP OF THE 5TH
Omaha Blackbirds batting - Pitching for Belle River Bombers : LHP De'Von Salazar
Batting: LHB Jaleen Edgell 0-0: Ground out 4-3 (Groundball, 4, EV 81.2 MPH)
Batting: RHB Evan Kresse 0-0: Called Strike
0-1: Swinging Strike
0-2: Strikes out looking
Batting: RHB Mason Lorusso 0-0: Ball
1-0: Foul Ball, location: 2F
1-1: DOUBLE (Groundball, 5L, EV 98.1 MPH)
Batting: RHB Henry Keddie 0-0: Ball
1-0: 2-RUN HOME RUN (Flyball, 89XD, EV 97.5 MPH), Distance : 383 ft
Batting: RHB Allen Cullin 0-0: Called Strike
0-1: Ball
1-1: Ball
2-1: Ball
3-1: Base on Balls
Batting: RHB Dario Dokter 0-0: Called Strike
0-1: Ground out 2-3 (Groundball, 15S, EV 65.0 MPH)
Top of the 5th over - 2 runs, 2 hits, 0 errors, 1 left on base; Omaha 7 - Belle River 0
BOTTOM OF THE 5TH
Belle River Bombers batting - Pitching for Omaha Blackbirds : LHP Jon Murphy
Batting: LHB John Marshall 0-0: Ball
1-0: Foul Ball, location: 2F
1-1: Foul Ball, location: 2F
1-2: Ball
2-2: Foul Ball, location: 2F
2-2: Ball
3-2: Strikes out looking
Pitching: LHP Jay Daugherty
Batting: RHB Kyle Hobbs 0-0: Called Strike
0-1: Swinging Strike
0-2: Strikes out looking
Batting: RHB Ny Medrano 0-0: Ball
1-0: Foul Ball, location: 2F
1-1: Ball
2-1: Ball
3-1: Foul Ball, location: 2F
3-2: Foul Ball, location: 2F
3-2: Foul Ball, location: 2F
3-2: Foul Ball, location: 2F
3-2: Strikes out swinging
Bottom of the 5th over - 0 runs, 0 hits, 0 errors, 0 left on base; Omaha 7 - Belle River 0
TOP OF THE 6TH
Omaha Blackbirds batting - Pitching for Belle River Bombers : LHP De'Von Salazar
Batting: LHB Abdoul Ren 0-0: Ball
1-0: Swinging Strike
1-1: Swinging Strike
1-2: Ball
2-2: Foul Ball, location: 2F
2-2: Strikes out looking
Batting: SHB Ulisses Muacho 0-0: Called Strike
0-1: SOLO HOME RUN (Flyball, 7LD, EV 96.2 MPH), Distance : 352 ft
Batting: RHB Marcus Hubbard 0-0: Called Strike
0-1: Fly out, F4 (Popup, 4S, EV 70.0 MPH)
Batting: LHB Jaleen Edgell 0-0: Ball
1-0: Ball
2-0: Ball
3-0: Called Strike
3-1: Ground out 6-3 (Groundball, 6, EV 81.2 MPH)
Top of the 6th over - 1 run, 1 hit, 0 errors, 0 left on base; Omaha 8 - Belle River 0
BOTTOM OF THE 6TH
Belle River Bombers batting - Pitching for Omaha Blackbirds : LHP Jay Daugherty
Batting: RHB Ezekiel Bombard 0-0: SOLO HOME RUN (Flyball, 9LD, EV 95.0 MPH), Distance : 332 ft
Batting: RHB Corbin Schutte 0-0: Swinging Strike
0-1: Called Strike
0-2: Ball
1-2: Ball
2-2: Strikes out swinging
Batting: RHB Gavin Sawicki 0-0: Called Strike
0-1: Reaches on Catchers interference
Batting: RHB J.C. Rico 0-0: Called Strike
0-1: Swinging Strike
0-2: Strikes out looking
Batting: RHB Dezmon Benhamou 0-0: Ball
1-0: Ball
2-0: Ball
3-0: Called Strike
3-1: Reached on error, E2 (Groundball, 2R, EV 70.6 MPH)
Gavin Sawicki to third
Batting: LHB Johnny Shaw 0-0: Ball
1-0: Called Strike
1-1: Foul Ball, location: 2F
1-2: Ball
2-2: Foul Ball, location: 2F
2-2: Ball
3-2: Strikes out swinging
Bottom of the 6th over - 1 run, 1 hit, 2 errors, 2 left on base; Omaha 8 - Belle River 1
TOP OF THE 7TH
Omaha Blackbirds batting - Pitching for Belle River Bombers : LHP De'Von Salazar
Batting: RHB Evan Kresse 0-0: Ball
1-0: Swinging Strike
1-1: Foul Ball, location: 2F
1-2: Ball
2-2: Strikes out swinging
Batting: RHB Mason Lorusso 0-0: Called Strike
0-1: Swinging Strike
0-2: Ground out 6-3 (Groundball, 56, EV 76.2 MPH)
Pinch Hitting: RHB Jaaron Alcantar 0-0: SINGLE (Groundball, 56D, EV 100.6 MPH)
Pitching: LHP Vernon Phipps
Batting: RHB Allen Cullin 0-0: Fielders Choice at 2nd, 6-4 (Groundball, 56D, EV 85.0 MPH)
Top of the 7th over - 0 runs, 1 hit, 0 errors, 1 left on base; Omaha 8 - Belle River 1
BOTTOM OF THE 7TH
Belle River Bombers batting - Pitching for Omaha Blackbirds : LHP Jay Daugherty
Now in CF: Jaaron Alcantar
Pinch Hitting: SHB Don Hodgson 0-0: Swinging Strike
0-1: SINGLE (Groundball, 6D, EV 96.2 MPH)
Pinch Hitting: LHB Damir Clifford 0-0: Called Strike
0-1: Swinging Strike
0-2: Ball
1-2: Ball
2-2: Foul Ball, location: 2F
2-2: Fielders Choice at 2nd, 4-6 (Groundball, 4, EV 101.9 MPH)
Batting: RHB Ny Medrano 0-0: Foul Ball, location: 2F
0-1: Swinging Strike
0-2: Hit by Pitch
Damir Clifford to second
Batting: RHB Ezekiel Bombard 0-0: Ball
1-0: Foul Ball, location: 2F
1-1: Foul Ball, location: 2F
1-2: Ball
2-2: Ball
3-2: Base on Balls
Damir Clifford to third
Ny Medrano to second
Batting: RHB Corbin Schutte 0-0: Ball
1-0: Called Strike
1-1: Foul Ball, location: 2F
1-2: DOUBLE (Line Drive, 9LM, EV 105.0 MPH)
Damir Clifford scores
Ny Medrano scores
Ezekiel Bombard to third
Pitching: LHP Jordin Cazares
Batting: RHB Gavin Sawicki 0-0: Called Strike
0-1: Called Strike
0-2: Ball
1-2: Ball
2-2: Fly out, F8 (Flyball, 8LD, EV 102.5 MPH)
Runner from 3rd tags up, OUT at HOME! 8-2
Bottom of the 7th over - 2 runs, 2 hits, 0 errors, 1 left on base; Omaha 8 - Belle River 3
TOP OF THE 8TH
Omaha Blackbirds batting - Pitching for Belle River Bombers : LHP Vernon Phipps
Now at 1B: Jameon Gouin
Now at 3B: Don Hodgson
Now in LF: Ny Medrano
Now in RF: Ezekiel Bombard
Batting: RHB Dario Dokter 0-0: Called Strike
0-1: Foul Ball, location: 2F
0-2: Foul Ball, location: 2F
0-2: Ball
1-2: Ball
2-2: Ball
3-2: Fly out, F4 (Line Drive, 34D, EV 66.9 MPH)
Batting: LHB Abdoul Ren 0-0: Ball
1-0: Called Strike
1-1: Called Strike
1-2: Strikes out swinging
Batting: SHB Ulisses Muacho 0-0: Foul Ball, location: 2F
0-1: Ball
1-1: SINGLE (Groundball, 56D, EV 101.2 MPH)
Batting: RHB Marcus Hubbard 0-0: Ball
1-0: Ball
2-0: Called Strike
2-1: SINGLE (Line Drive, 7LS, EV 86.9 MPH)
Ulisses Muacho to second
Batting: LHB Jaleen Edgell 0-0: Foul Ball, location: 2F
0-1: Ball
1-1: Swinging Strike
1-2: Foul Ball, location: 2F
1-2: Strikes out swinging
Top of the 8th over - 0 runs, 2 hits, 0 errors, 2 left on base; Omaha 8 - Belle River 3
BOTTOM OF THE 8TH
Belle River Bombers batting - Pitching for Omaha Blackbirds : LHP Jordin Cazares
Batting: RHB J.C. Rico 0-0: Ball
1-0: Swinging Strike
1-1: Ground out 5-3 (Groundball, 56, EV 83.1 MPH)
Batting: RHB Dezmon Benhamou 0-0: Ball
1-0: Foul Ball, location: 2F
1-1: Called Strike
1-2: Strikes out looking
Batting: LHB Johnny Shaw 0-0: Called Strike
0-1: Ball
1-1: Ball
2-1: Called Strike
2-2: Fly out, F7 (Flyball, 7, EV 79.4 MPH)
Bottom of the 8th over - 0 runs, 0 hits, 0 errors, 0 left on base; Omaha 8 - Belle River 3
TOP OF THE 9TH
Omaha Blackbirds batting - Pitching for Belle River Bombers : LHP Vernon Phipps
Batting: RHB Evan Kresse 0-0: Ball
1-0: Foul Ball, location: 2F
1-1: Swinging Strike
1-2: Strikes out swinging
Pitching: RHP Lionel Mendoza
Batting: RHB Mason Lorusso 0-0: Ball
1-0: Called Strike
1-1: Fly out, F9 (Flyball, 89M, EV 83.1 MPH)
Batting: RHB Jaaron Alcantar 0-0: Ball
1-0: Ball
2-0: Called Strike
2-1: Ball
3-1: Base on Balls
Batting: RHB Allen Cullin 0-0: Ball
1-0: Swinging Strike
1-1: Foul Ball, location: 2F
1-2: Ball
2-2: Fly out, F8 (Flyball, 78S, EV 84.4 MPH)
Top of the 9th over - 0 runs, 0 hits, 0 errors, 1 left on base; Omaha 8 - Belle River 3
BOTTOM OF THE 9TH
Belle River Bombers batting - Pitching for Omaha Blackbirds : LHP Jordin Cazares
Pinch Hitting: RHB Seamus McNeill 0-0: Ball
1-0: Ball
2-0: Ball
3-0: Called Strike
3-1: Base on Balls
Pinch Hitting: LHB Walter Lynch 0-0: Ball
1-0: Called Strike
1-1: Foul Ball, location: 2F
1-2: Foul Ball, location: 2F
1-2: Ball
2-2: Foul Ball, location: 2F
2-2: Strikes out swinging
Batting: RHB Ny Medrano 0-0: Called Strike
0-1: Ball
1-1: Fly out, F7 (Flyball, 78D, EV 84.4 MPH)
Batting: RHB Ezekiel Bombard 0-0: Ball
1-0: Ball
2-0: Called Strike
2-1: Ball
3-1: Foul Ball, location: 2F
3-2: Base on Balls
Seamus McNeill to second
Batting: RHB Corbin Schutte 0-0: Foul Ball, location: 2F
0-1: Foul Ball, location: 2F
0-2: Foul Ball, location: 2F
0-2: Foul Ball, location: 2F
0-2: Ball
1-2: Foul Ball, location: 2F
1-2: Ball
2-2: Ball
3-2: Base on Balls
Seamus McNeill to third
Ezekiel Bombard to second
Pitching: RHP Corbin Graf
Batting: RHB Gavin Sawicki 0-0: SINGLE (Groundball, 56S, EV 62.5 MPH) (infield hit)
Seamus McNeill scores
Ezekiel Bombard to third
Corbin Schutte to second
Pinch Hitting: RHB Jovani DeCaria 0-0: Ball
1-0: Ball
2-0: Swinging Strike
2-1: Swinging Strike
2-2: Foul Ball, location: 2F
2-2: Ball
3-2: Strikes out swinging
Bottom of the 9th over - 1 run, 1 hit, 0 errors, 3 left on base; Omaha 8 - Belle River 4
Saturday, April 27th , 2024 - OOTP Baseball 23.10 Build 110